 Dungeon Crawl Stone Soup version 0.22.1-2-g9c5b331 (webtiles) character file.

50 MalarOregon the Chiller (level 3, -2/26 HPs)
             Began as a Merfolk Ice Elementalist on Nov 26, 2018.
             Killed by divine providence
             ... invoked by an orc priest
              (17 damage)
             ... on level 2 of the Dungeon.
             The game lasted 00:03:24 (2331 turns).

MalarOregon the Chiller (Merfolk Ice Elementalist)  Turns: 2331, Time: 00:03:26

Health: -2/26      AC:  3    Str:  8    XL:     3   Next: 79%
Magic:  0/6        EV: 13    Int: 15    God:
Gold:   109        SH:  0    Dex: 14    Spells: 1/7 levels left

rFire    . . .     SeeInvis .   f - +0 dagger
rCold    . . .     Gourm    .   (no shield)
rNeg     . . .     Faith    .   a - +0 robe
rPois    .         Spirit   +   c - +0 helmet
rElec    .         Reflect  .   (no cloak)
rCorr    .         Harm     .   (no gloves)
MR       .....                  (no boots)
Stlth    ++........             j - amulet of guardian spirit
HPRegen  0.08/turn              (no ring)
MPRegen  0.10/turn              (no ring)

@: no status effects
A: change form in water, swift swim, stealthy swim
a: no special abilities


You were on level 2 of the Dungeon.
You were not hungry.

You visited 1 branch of the dungeon, and saw 3 of its levels.

You collected 109 gold pieces.

Inventory:

Hand Weapons
 f - a +0 dagger (weapon)
   (You took it off a goblin on level 1 of the Dungeon)
Armour
 a - a +0 robe (worn)
 c - a +0 helmet (worn)
   (You found it on level 1 of the Dungeon)
Jewellery
 j - an amulet of guardian spirit (around neck)
   (You found it on level 1 of the Dungeon)
Scrolls
 b - 3 scrolls of identify {unknown}
 g - a scroll of enchant armour {unknown}
 h - a scroll of fear {unknown}
 i - a scroll of remove curse {unknown}
 l - a scroll of amnesia {unknown}
Potions
 d - 2 potions of brilliance {unknown}
 k - a potion of lignification {unknown}
Comestibles
 e - 3 rations {!d}


   Skills:
 + Level 1.5 Fighting
 + Level 3.4 Dodging
 - Level 2.1 Stealth
 + Level 2.5 Spellcasting
 + Level 1.0 Conjurations
 + Level 3.7 Ice Magic


You had one spell level left.
You knew the following spells:

 Your Spells              Type           Power        Failure   Level  Hunger
a - Freeze                Ice            ##..         4%          1    #......
b - Ozocubu's Armour      Chrm/Ice       #.......     28%         3    ###....
x - Throw Frost           Conj/Ice       #.....       12%         2    ###....

Your spell library contained the following spells:

 Spells                   Type           Power        Failure   Level  Hunger
 Throw Icicle             Conj/Ice       #.......     61%         4    #####..
 Summon Ice Beast         Ice/Summ       #.......     67%         4    #####..


Dungeon Overview and Level Annotations

Branches:
Dungeon (3/15)

Altars:


Message History

You hit the orc. The orc hits you.
* * * LOW HITPOINT WARNING * * *
You hit the orc but do no damage. The orc closely misses you.
You hit the orc but do no damage. The orc barely misses you.
You hit the orc but do no damage. The orc barely misses you.
You hit the orc but do no damage. The orc misses you.
You hit the orc but do no damage. The orc barely misses you.
You hit the orc but do no damage. The orc hits you but does no damage.
You hit the orc but do no damage. The orc hits you.
* * * LOW HITPOINT WARNING * * *
Aim: an orc, wearing a leather armour (almost dead)
You freeze the orc.
You kill the orc!
You see here a leather armour.
There is a stone staircase leading down here.
You start resting.
Your magical contamination has completely faded away.
You start resting.
You are near starving!
You start resting.
You climb downwards.
An orc wizard comes into view. It is wielding a dagger.
There is a stone staircase leading up here.
Aim: an orc priest, wielding a mace and wearing a leather armour The puff of frost misses the orc priest.
The puff of frost hits the orc wizard.
Aim: an orc priest, wielding a mace and wearing a leather armour The puff of frost hits the orc priest.
An orc comes into view. It is wielding a war axe.
Aim: an orc priest, wielding a mace and wearing a leather armour (lightly The puff of frost hits the orc priest.
The orc wizard mumbles some strange words.
The orc wizard blinks!
The orc priest casts a cantrip, but nothing happens.
You climb upwards.
There is a stone staircase leading down here.
You hit the orc priest. The orc priest barely misses you.
You hit the orc priest but do no damage.
The orc priest hits you with a mace!
You closely miss the orc priest. The orc priest misses you.
You are starving!
You hit the orc priest but do no damage.
The orc priest hits you with a mace.
You eat one of the 4 rations {!d}.
That ration really hit the spot!
Aim: an orc priest, wielding a mace and wearing a leather armour (moderately You freeze the orc priest.
The orc priest mumbles some strange prayers to Beogh against you.
Beogh smites you!
Ouch! That really hurt!
You die...

###...##.##....#####.....
#...+....######........
#...##.#.# #........
#...##.#.# #..(.....
######.#.# #.....### #.#.#
#.....# #.#.# #(....#
#.#.##############
#@o...............
########.#.#####.....####
#......#.#.# #.....# #
###.####.#.#.# #.....# #
#...#....#.#.######...#####
#...#....#.#..........'....
#...#...##'#####......#####
#..............#......'..†.
#...#................(#####


You could see an orc priest.

Vanquished Creatures
  An adder (D:2)
  An ooze (D:1)
  A dart slug (D:1)
  A leopard gecko (D:1)
  An orc (D:2)
  3 giant cockroaches
  4 hobgoblins
  A quokka (D:2)
  A ball python (D:1)
  4 bats
  A frilled lizard (D:1)
  7 goblins
  3 kobolds
  A rat (D:1)
30 creatures vanquished.

Notes
Turn   | Place    | Note
-------+----------+-------------------------------------------
     0 | D:1      | MalarOregon the Merfolk Ice Elementalist began the quest
                  | for the Orb.
     0 | D:1      | Reached XP level 1. HP: 13/13 MP: 3/3
   115 | D:1      | Reached XP level 2. HP: 20/20 MP: 0/5
   380 | D:1      | Learned a level 2 spell: Throw Frost
   401 | D:1      | Reached skill level 1 in Fighting
   936 | D:1      | Reached XP level 3. HP: 17/26 MP: 2/6
  1109 | D:1      | Learned a level 3 spell: Ozocubu's Armour
  2093 | D:3      | Reached skill level 1 in Conjurations
  2331 | D:2      | Killed from afar by an orc priest

Skill      XL: |  1  2  3 |
---------------+----------+-----
Dodging        | 3 |  3.4
Fighting       | 1 |  1.5
Conjurations   | 1 |  1.0
Stealth        | |  2.1
Spellcasting   | |  2.5
Ice Magic      | |  3.7

Action                   || total
-------------------------++-------
Melee: Dagger            ||    70
 Cast: Freeze            ||    22
       Throw Frost       ||    18
 Stab: Sleeping          ||     3
  Eat: Chunk             ||     4
       Ration            ||     1
Armor: Robe              ||    14
Dodge: Dodged            ||    61
